 Dungeon Sprint DCSS version 0.23-a0-175-g97aacdb306 (webtiles) character file.

174 ICC the Skirmisher (level 5, 0/30 HPs)
             Began as a Vine Stalker Fighter on Sept 17, 2018.
             Was an Initiate of Sif Muna.
             Slain by a hippogriff (2 damage)
             ... in the Dungeon (Sprint IX: "|||||||||||||||||||||||||||||").
             The game lasted 00:03:10 (363 turns).

ICC the Skirmisher (Vine Stalker Fighter)            Turns: 363, Time: 00:03:11

Health: 0/30       AC: 12    Str: 19    XL:     5   Next: 54%
Magic:  0/12       EV:  9    Int: 14    God:    Sif Muna [......]
Gold:   0          SH:  0    Dex: 14    Spells: 12/12 levels left

rFire    . . .     SeeInvis .   w - +4 quarterstaff (crush)
rCold    . . .     Gourm    .   (shield currently unavailable)
rNeg     . . .     Faith    .   u - +1 chain mail
rPois    .         Spirit   +   (no helmet)
rElec    .         Reflect  .   (no cloak)
rCorr    .         Harm     .   t - +0 pair of gloves
MR       .....     NoTele   +   s - +0 pair of boots
Stlth    ..........             (no amulet)
HPRegen  0.50/turn              v - +3 ring of intelligence
MPRegen  0.13/turn              a - +3 ring of intelligence

@: very slightly contaminated, invisible
A: fangs 2, regeneration 1, magic shield, antimagic bite, no potion heal 3, rot
immunity
a: Renounce Religion


You were in the Dungeon.
You worshipped Sif Muna.
Sif Muna was noncommittal.
You were not hungry.

You visited 1 branch

Inventory:

Hand Weapons
 q - the +2 halberd "Qonad" {chop, rF++ rN+}
   (You found it in the Dungeon)

   It inflicts extra damage upon your enemies.
   It greatly protects you from fire.
   It protects you from negative energy.
 w - a +4 quarterstaff of crushing (weapon)
Armour
 b - a +0 shield
 s - a +0 pair of boots (worn)
 t - a +0 pair of gloves (worn)
 u - a +1 chain mail (worn)
Magical Staves
 p - an uncursed staff of energy
Jewellery
 a - a +3 ring of intelligence (right hand)
 v - a +3 ring of intelligence (left hand)
Wands
 o - a wand of acid (10)
Scrolls
 j - 2 scrolls of blinking
 m - 3 scrolls of remove curse
 n - 2 scrolls of amnesia
Potions
 c - a potion of might
 e - 5 potions of curing
 g - a potion of haste
 h - 4 potions of magic
Comestibles
 d - a ration
 i - 8 chunks of flesh


   Skills:
 - Level 4.8 Fighting
 - Level 4.3 Armour
 - Level 3.5 Dodging
 - Level 4.8 Shields
 - Level 4.7 Unarmed Combat
 + Level 4.1 Spellcasting


You had 12 spell levels left.
You didn't know any spells.
Your spell library was empty.

Dungeon Overview and Level Annotations

Branches:
Dungeon (1/1)

Altars:
Cheibriados
Dithmenos
Elyvilon
Fedhas
Gozag
Hepliaklqana
Kikubaaqudgha
Makhleb
Nemelex Xobeh
Okawaru
Qazlal
Ru
Sif Muna
Trog
Uskayaw
Vehumet
Wu Jian
Xom
Yredelemnul
Zin
The Shining One
Beogh
Jiyva
Lugonu


Innate Abilities, Weirdness & Mutations

You have extremely sharp teeth.
Your natural rate of healing is unusually fast.
When hurt, damage is shared between your health and your magic reserves.
Your bite disrupts and absorbs the magic of your enemies.
Potions cannot restore your health.
You are immune to rotting.


Message History

The hippogriff claws you.
* * * LOW HITPOINT WARNING * * *
You fade into invisibility!
The hippogriff barely misses you.
The hippogriff pecks you but does no damage.
The hippogriff barely misses you.
You are very lightly contaminated with residual magic.
You hit the hippogriff. You bite the hippogriff. You drain its power.
You feel invigorated.
The hippogriff is almost dead.
The hippogriff bites you.
* * * LOW HITPOINT WARNING * * *
The hippogriff pecks you but does no damage.
The hippogriff claws you.
* * * LOW HITPOINT WARNING * * *
You hit the hippogriff.
The hippogriff is almost dead.
The hippogriff bites you but does no damage.
The hippogriff closely misses you. The hippogriff claws you.
You die... ▓▓▓▓▓▓▓▓▓▓▓▓▓▓▓▓▓▓▓▓▓▓▓▓ _______'...)).[.@HHzZo.. ▓▓▓▓▓▓▓▓▓▓▓▓▓▓▓▓▓▓▓▓▓▓▓▓

You could see 2 hippogriffs, an orc warrior, a wight and a quokka zombie.

Vanquished Creatures
  An ogre (D)
  2 iguanas (D)
  A worker ant (D)
  A shadow imp (D)
  A bat skeleton (D)
  2 giant cockroaches (D)
  2 hobgoblins (D)
  A bat (D)
11 creatures vanquished.

Notes
Turn   | Place    | Note
-------+----------+-------------------------------------------
     0 | D        | ICC the Vine Stalker Fighter began the quest for the Orb.
     0 | D        | Reached XP level 1. HP: 11/11 MP: 2/2
    24 | D        | Reached skill level 1 in Spellcasting
   224 | D        | Noticed a worker ant
   224 | D        | Noticed an iguana
   224 | D        | Noticed an iguana
   224 | D        | Noticed an ogre
   229 | D        | Killed a worker ant
   229 | D        | Reached skill level 1 in Dodging
   229 | D        | Reached XP level 2. HP: 16/16 MP: 4/6
   229 | D        | Reached XP level 3. HP: 20/20 MP: 4/7
   235 | D        | Gained mutation: Your natural rate of healing is unusually
                  | fast. [Vine Stalker growth]
   235 | D        | Reached XP level 4. HP: 18/25 MP: 5/9
   240 | D        | Killed an ogre
   240 | D        | Reached XP level 5. HP: 7/30 MP: 4/12
   259 | D        | Found a roughly hewn altar of Beogh.
   259 | D        | Found a snail-covered altar of Cheibriados.
   259 | D        | Found a shadowy altar of Dithmenos.
   259 | D        | Found a white marble altar of Elyvilon.
   259 | D        | Found a blossoming altar of Fedhas.
   259 | D        | Found an opulent altar of Gozag.
   260 | D        | Found a hazy altar of Hepliaklqana.
   261 | D        | Found a viscous altar of Jiyva.
   262 | D        | Found an ancient bone altar of Kikubaaqudgha.
   263 | D        | Found a corrupted altar of Lugonu.
   264 | D        | Found a burning altar of Makhleb.
   265 | D        | Found a sparkling altar of Nemelex Xobeh.
   266 | D        | Found an iron altar of Okawaru.
   267 | D        | Found a stormy altar of Qazlal.
   268 | D        | Found a sacrificial altar of Ru.
   269 | D        | Found a deep blue altar of Sif Muna.
   270 | D        | Found a bloodstained altar of Trog.
   271 | D        | Found a hide-covered altar of Uskayaw.
   272 | D        | Found a radiant altar of Vehumet.
   273 | D        | Found an ornate altar of the Wu Jian Council.
   274 | D        | Found a shimmering altar of Xom.
   275 | D        | Found a basalt altar of Yredelemnul.
   276 | D        | Found a glowing silver altar of Zin.
   277 | D        | Found a glowing golden altar of the Shining One.
   283 | D        | Became a worshipper of Sif Muna the Loreminder
   302 | D        | Got the +2 halberd "Qonad" {chop, rF++ rN+}
   352 | D        | Noticed a hippogriff
   352 | D        | Noticed a hippogriff
   352 | D        | Noticed an orc warrior
   362 | D        | HP: 1/30 [hippogriff (1)]
   363 | D        | Slain by a hippogriff

Vault maps used:
D:        linesprint

Skill      XL: |  1  2  3  4 |
---------------+-------------+-----
Shields        | 3 4 |  4.8
Spellcasting   | 2 3 4 |  4.1
Fighting       | 3 4 |  4.8
Armour         | 3 4 |  4.3
Dodging        | 1 2 3 |  3.5
Unarmed Combat | 3 4 |  4.7

Action                   |  1- 3 |  4- 6 || total
-------------------------+-------+-------++-------
Melee: Unarmed           |    28 |       ||    28
       Bite              |    15 |    12 ||    27
       Club              |     9 |    13 ||    22
       Quarterstaff      |       |    10 ||    10
  Use: Potion            |     1 |     1 ||     2
Armor: Scale mail        |    11 |     3 ||    14
       Chain mail        |       |    13 ||    13
Dodge: Dodged            |    10 |    12 ||    22
Block: Shield            |     9 |     7 ||    16

Table legend:
 A = Non-vault XP
 B = Vault XP
 C = Vault XP percentage of total XP
 D = Non-vault monster count
 E = Vault monster count
 F = Vault count percentage of total count
                 A         B        C        D         E       F
            +---------+---------+-------+---------+---------+-------
      Total |       0 |     249 | 100.0 |       0 |      11 | 100.0
            +---------+---------+-------+---------+---------+-------
          D |       0 |     249 | 100.0 |       0 |      11 | 100.0
            +---------+---------+-------+---------+---------+-------
